 Dungeon Crawl Stone Soup version 0.23.0 (webtiles) character file.

Game seed: 14863328996255528056

163 zorbathegreek the Ducker (level 5, -5/52 HPs)
             Began as a Troll Fighter on Feb 18, 2019.
             Slain by an orc
             ... wielding a +0 short sword
              (7 damage)
             ... on level 3 of the Dungeon.
             The game lasted 00:18:22 (1700 turns).

zorbathegreek the Ducker (Troll Fighter)            Turns: 1700, Time: 00:18:22

Health: -5/52      AC:  6    Str: 25    XL:     5   Next: 20%
Magic:  4/4        EV:  9    Int:  4    God:
Gold:   116        SH:  9    Dex:  9    Spells: 4/4 levels left

rFire    . . .     SeeInvis .   a - +0 rapier
rCold    . . .     Gourm    +   c - +0 shield
rNeg     . . .     Faith    .   b - +0 robe
rPois    .         Spirit   .   (helmet restricted)
rElec    .         Reflect  .   (no cloak)
rCorr    .         Harm     .   (gloves unavailable)
MR       .....                  (boots unavailable)
Stlth    ..........             (no amulet)
HPRegen  0.57/turn              d - ring of attention (curse)
MPRegen  0.09/turn              (no ring)

@: no status effects
A: large, unfitting armour, claws 3, fast metabolism 3, gourmand, regeneration
1, shaggy fur 1, tough skin 3
a: no special abilities


You were on level 3 of the Dungeon.
You were very full.

You visited 1 branch of the dungeon, and saw 3 of its levels.

You collected 116 gold pieces.

Inventory:

Hand Weapons
 a - a +0 rapier (weapon)
 h - a +0 spear
 i - a +0 hand axe
Armour
 b - a +0 robe (worn)
 c - a +0 shield (worn)
Jewellery
 d - a cursed ring of attention (left claw)
Wands
 l - a wand of polymorph (7)
Scrolls
 j - 2 scrolls of remove curse
Potions
 e - a potion of haste
Comestibles
 f - 5 rations


   Skills:
 + Level 2.9 Fighting
 + Level 2.6 Short Blades
 + Level 3.4 Dodging
 + Level 0.1 Stealth
 + Level 3.2 Shields


You had 4 spell levels left.
You didn't know any spells.
Your spell library was empty.

Dungeon Overview and Level Annotations

Branches:
Dungeon (3/15)

Altars:
Wu Jian


Innate Abilities, Weirdness & Mutations

You are too large for most types of armour.
You have claws for hands.
Your metabolism is lightning-fast.
You like to eat raw meat.
Your natural rate of healing is unusually fast.
You are covered in fur. (AC +1)
You have extremely tough skin. (AC +3)


Message History

The orc closely misses you.
You closely miss the orc.
The orc priest mumbles some strange prayers to Beogh against you.
Pain shoots through your body!
* * * LOW HITPOINT WARNING * * *
The orc hits you with a +0 short sword.
* * * LOW HITPOINT WARNING * * *
You hit the orc priest but do no damage.
The orc priest is almost dead.
The orc priest hits you with a +0 short sword.
* * * LOW HITPOINT WARNING * * *
The orc hits you with a +0 short sword.
* * * LOW HITPOINT WARNING * * *
Oops, that ring feels deathly cold.
d - a cursed ring of attention (left claw)
You barely miss the orc priest.
The orc priest is almost dead.
You block the orc priest's attack. You block the orc's attack.
The orc priest barely misses you. The orc hits you with a +0 short sword!
You die...

# ##.# #> .#.# #.# ...
#.....# ...#.### .
.osr.### .. #
#o#...#.# #.##
#@o##...# ..# #.#..
##.#..[#.. #.###.
..... #........ #....
#..#####.......# ...##
#........##....( .....
####.....###...#...
..#####.......####.###
..
...#.÷...##.#......# .
....÷##..##...######


You could see an orc priest, 2 orcs, a giant cockroach and a rat.

Vanquished Creatures
  A phantom (D:2)
  3 adders
  An ooze (D:1)
  2 worms
  3 dart slugs
  2 leopard geckos
  2 orcs (D:3)
  2 giant cockroaches (D:2)
  A goblin (D:2)
  3 hobgoblins
  4 kobolds
  A quokka (D:2)
  2 bats
  2 frilled lizards
  7 rats
36 creatures vanquished.

Notes
Turn   | Place    | Note
-------+----------+-------------------------------------------
     0 | D:1      | zorbathegreek the Troll Fighter began the quest for the
                  | Orb.
     0 | D:1      | Reached XP level 1. HP: 22/22 MP: 0/0
   461 | D:1      | Reached XP level 2. HP: 22/29 MP: 1/1
   982 | D:2      | Noticed a phantom
  1015 | D:2      | Killed a phantom
  1015 | D:2      | Reached XP level 3. HP: 28/36 MP: 2/2
  1015 | D:2      | Reached XP level 4. HP: 35/44 MP: 3/3
  1036 | D:2      | Found an ornate altar of the Wu Jian Council.
  1471 | D:2      | Reached XP level 5. HP: 49/52 MP: 4/4
  1698 | D:3      | HP: 1/52 [orc/+0 short sword (2)]
  1700 | D:3      | Slain by an orc

Skill      XL: |  1  2 |
---------------+-------+-----
Short Blades   | 2 |  2.6
Dodging        | 3 |  3.4
Shields        | 3 |  3.2
Fighting       | |  2.9
Stealth        | |  0.1

Action                   |  1- 3 |  4- 6 || total
-------------------------+-------+-------++-------
Melee: Rapier            |    53 |   119 ||   172
Evoke: Wand              |       |     1 ||     1
  Use: Potion            |     4 |     3 ||     7
       Scroll            |     3 |     2 ||     5
  Eat: Chunk             |     5 |    12 ||    17
       Ration            |     1 |       ||     1
Armor: Robe              |    20 |    43 ||    63
Dodge: Dodged            |    17 |    58 ||    75
Block: Shield            |    19 |    76 ||    95
